[Event "Titled Tuesday Blitz July 18 Late 2023"]
[White "Moskalenko, Alexander"]
[Black "Diano, Eden"]
[WhiteFideId "4155351"]
[BlackFideId "5203708"]
[WhiteElo "2876"]
[BlackElo "2613"]
[Result "1-0"]
[Round "8"]
[TimeControl "180+2"]
[Date "2023.07.18"]
[WhiteClock "0:00:12"]
[BlackClock "0:00:00"]
[Board "23"]

1. e4 c5 2. Nf3 a6 3. c3 Qc7 4. d4 d6 5. dxc5 dxc5 6. a4 Nc6 7. Bg5 Nf6 8. Nbd2 Bg4 9. Bh4 O-O-O 10. Qc2 e6 11. Nc4 e5 12. Be2 Bxf3 13. Bxf3 Na5 14. Bxf6 gxf6 15. Ne3 c4 16. Nd5 Qc6 17. Rd1 h5 18. h4 Bc5 19. O-O Nb3 20. Qe2 Qxa4 21. Bxh5 Kb8 22. g3 Qc6 23. Bxf7 Rdf8 24. Bg6 Rfg8 25. h5 Qe6 26. Bf5 Qf7 27. Kg2 Rxh5 28. Nxf6 Qxf6 29. Qxh5 Rg5 30. Qe8+ Ka7 31. Rd8 Be7 32. Rd7 Bc5 33. Qd8 Qb6 34. Qxg5 Na5 35. Qd2 Nb3 36. Qd5 Qb5 37. Rh1 1-0


[Site "https://www.chess.com"]

[Event "Titled Tuesday Blitz July 18 Late 2023"]
[White "Nguyen, Ngoc Truong Son"]
[Black "Krishnan, Varun"]
[WhiteFideId "12401110"]
[BlackFideId "5054508"]
[WhiteElo "2862"]
[BlackElo "2607"]
[Result "1-0"]
[Round "8"]
[TimeControl "180+2"]
[Date "2023.07.18"]
[WhiteClock "0:02:24"]
[BlackClock "0:00:12"]
[Board "24"]

1. e4 a6 2. d4 e6 3. f4 d5 4. e5 c5 5. Nf3 cxd4 6. Nxd4 Nc6 7. Be3 Nge7 8. c3 Nxd4 9. Bxd4 Nf5 10. Bf2 h5 11. Bd3 g6 12. Nd2 Qc7 13. O-O Bc5 14. Bxf5 gxf5 15. Bxc5 Qxc5+ 16. Kh1 Bd7 17. Nb3 Qc4 18. Nd4 b5 19. a3 h4 20. h3 a5 21. Kh2 Rb8 22. Qd2 Ke7 23. b3 Qc5 24. Rfc1 a4 25. Rcb1 Rhg8 26. bxa4 bxa4 27. Qf2 Rxb1 28. Nxf5+ Kd8 29. Qxc5 Rxa1 30. Qb6+ Ke8 31. Qb8+ 1-0


[Site "https://www.chess.com"]

[Event "Titled Tuesday Blitz July 18 Late 2023"]
[White "Bachmann, Axel"]
[Black "robertoalejandro10"]
[WhiteFideId "3700488"]
[WhiteElo "2842"]
[BlackElo "2589"]
[Result "1/2-1/2"]
[Round "8"]
[TimeControl "180+2"]
[Date "2023.07.18"]
[WhiteClock "0:00:02"]
[BlackClock "0:00:05"]
[Board "25"]

1. e4 c5 2. Nf3 g6 3. d4 cxd4 4. Nxd4 Bg7 5. c4 Nc6 6. Be3 Nf6 7. Nc3 Ng4 8. Qxg4 Nxd4 9. Qd1 Ne6 10. Qd2 Qa5 11. Rc1 b6 12. Be2 Bb7 13. f3 g5 14. b3 Be5 15. Nd5 Qxd2+ 16. Kxd2 Rc8 17. h4 Nf4 18. hxg5 Nxg2 19. f4 Nxe3 20. Kxe3 Bd6 21. Rh6 Bc5+ 22. Kd3 Kf8 23. Rch1 Kg7 24. Bg4 Bxd5 25. exd5 e6 26. f5 exf5 27. Bxf5 Rcd8 28. Rxh7+ Rxh7 29. Rxh7+ Kg8 30. Rh4 d6 31. Re4 Kf8 32. Rh4 Kg7 33. Rh7+ Kg8 34. Be4 Re8 35. g6 fxg6 36. Rxa7 g5 37. Rb7 Rf8 38. b4 Bxb4 39. Rxb6 Bc5 40. Rb2 Rf2 41. Rb8+ Kg7 42. a4 Ra2 43. Ra8 g4 44. Re8 g3 45. Re6 Rxa4 46. Bf5 Ra3+ 47. Ke4 g2 48. Rg6+ Kf7 49. Rxg2 Re3+ 50. Kf4 Re1 51. Bd3 Be3+ 52. Kf5 Bc5 53. Rh2 Kg7 54. Kg5 Re5+ 55. Bf5 Be3+ 56. Kg4 Kf6 57. Rh8 Bc5 58. Rh6+ Kg7 59. Rh5 Re1 60. Rh7+ Kf6 61. Rh6+ Kg7 62. Rg6+ Kf7 63. Rh6 Rg1+ 64. Kf3 Rf1+ 65. Ke4 Re1+ 66. Kd3 Re3+ 67. Kd2 Rf3 68. Bg4 Be3+ 69. Ke2 Bxh6 70. Kxf3 Ke7 71. Be6 Bd2 72. Kg2 1/2-1/2


[Site "https://www.chess.com"]

[Event "Titled Tuesday Blitz July 18 Late 2023"]
[White "Gascon Del Nogal, Jose Rafael"]
[Black "Tristan, Leonardo"]
[WhiteFideId "3902463"]
[BlackFideId "113816"]
[WhiteElo "2579"]
[BlackElo "2794"]
[Result "1/2-1/2"]
[Round "8"]
[TimeControl "180+2"]
[Date "2023.07.18"]
[WhiteClock "0:00:18"]
[BlackClock "0:00:26"]
[Board "26"]

1. d4 d5 2. c4 e6 3. Nc3 a6 4. cxd5 exd5 5. Nf3 Nf6 6. Bg5 Be6 7. e3 Nbd7 8. Bd3 Bd6 9. O-O c6 10. Qc2 Qc7 11. Rab1 h6 12. Bh4 a5 13. Rfc1 Qb8 14. a3 O-O 15. b4 axb4 16. axb4 b5 17. e4 dxe4 18. Nxe4 Nxe4 19. Bxe4 Bd5 20. Bxd5 cxd5 21. Qc6 Nb6 22. Qxb5 Ra7 23. Bg3 Bxg3 24. hxg3 Rb7 25. Ne5 Rc8 26. Rxc8+ Qxc8 27. Re1 Qc3 28. Nf3 Qc7 29. Qd3 Qd7 30. Ne5 Qe8 31. Kf1 Re7 32. b5 Nc4 33. Rb1 Qc8 34. b6 Rb7 35. Nxc4 dxc4 36. Qc3 Qc6 37. f3 Qd5 38. Rb4 h5 39. Qxc4 Qxc4+ 40. Rxc4 Rxb6 41. d5 Rd6 42. Rd4 Kf8 43. Ke2 Ke7 44. Ke3 Ra6 45. Kf4 Kd6 46. Rd2 Ke7 47. Kg5 g6 48. f4 Ra3 49. Kh4 Ra1 50. g4 Rh1+ 51. Kg3 h4+ 52. Kf3 Kd6 53. g5 Rh2 54. Kg4 h3 55. Kg3 Rxg2+ 56. Rxg2 hxg2 57. Kxg2 Kxd5 58. Kf3 Kd4 59. f5 Ke5 60. fxg6 fxg6 61. Ke3 Kf5 62. Kf3 Kxg5 63. Kg3 Kf5 64. Kf3 Kf6 65. Kf4 Kg7 66. Kg5 Kh7 67. Kg4 Kh6 68. Kh4 Kg7 69. Kg5 Kf7 70. Kf4 Kf6 71. Kg4 g5 72. Kg3 Kf5 73. Kf3 Ke5 74. Kg4 Kf6 75. Kg3 Kg6 76. Kg4 Kh6 77. Kg3 Kh5 78. Kh3 g4+ 79. Kg3 Kg5 80. Kg2 Kf4 81. Kf2 g3+ 82. Kg2 Kg4 83. Kg1 Kg5 84. Kg2 Kf4 85. Kg1 Kf3 86. Kf1 Ke3 87. Kg2 Kf4 88. Kg1 Kg4 89. Kg2 Kh4 90. Kg1 Kh3 91. Kh1 g2+ 92. Kg1 Kg3 1/2-1/2


[Site "https://www.chess.com"]

[Event "Titled Tuesday Blitz July 18 Late 2023"]
[White "Petesch, Gabriel"]
[Black "Elsa167"]
[WhiteFideId "2032465"]
[WhiteElo "2568"]
[BlackElo "2793"]
[Result "1-0"]
[Round "8"]
[TimeControl "180+2"]
[Date "2023.07.18"]
[WhiteClock "0:00:09"]
[BlackClock "0:00:00"]
[Board "27"]

1. Nf3 f5 2. d3 Nc6 3. g3 e5 4. Bg2 Nf6 5. Nc3 d6 6. e4 fxe4 7. dxe4 Be7 8. O-O O-O 9. Nd5 h6 10. Nh4 Kh7 11. c3 Be6 12. f4 exf4 13. Nxf4 Bf7 14. Qc2 Ne5 15. Nf5 Nfd7 16. Nd5 Bf6 17. Bf4 Kh8 18. Qd2 Bxd5 19. exd5 Bg5 20. Nd4 Qe7 21. Ne6 Bxf4 22. gxf4 Ng4 23. Rae1 Qh4 24. h3 Ngf6 25. Nxf8 Rxf8 26. Re7 Rd8 27. Qe1 Qxe1 28. Rfxe1 Kg8 29. Bf3 Kf8 30. Bg4 Nxg4 31. hxg4 a6 32. g5 hxg5 33. fxg5 Ne5 34. Rxc7 Nf3+ 35. Kf2 Nxe1 36. Kxe1 Re8+ 37. Kf2 Re5 38. g6 b5 39. Rf7+ Kg8 40. Rd7 Kf8 41. Rxd6 1-0


[Site "https://www.chess.com"]

[Event "Titled Tuesday Blitz July 18 Late 2023"]
[White "Fantastic_Power"]
[Black "Marosi, Levente"]
[BlackFideId "747181"]
[WhiteElo "2752"]
[BlackElo "2556"]
[Result "1-0"]
[Round "8"]
[TimeControl "180+2"]
[Date "2023.07.18"]
[WhiteClock "0:00:30"]
[BlackClock "0:00:08"]
[Board "28"]

1. e4 c6 2. d4 d5 3. e5 Bf5 4. h4 Qb6 5. a4 a5 6. Nc3 h5 7. Nge2 e6 8. Ng3 Bg6 9. Be2 c5 10. Be3 Nc6 11. Nb5 cxd4 12. Bxd4 Nxd4 13. Qxd4 Bc5 14. Qf4 Ne7 15. O-O Nf5 16. Nxf5 Bxf5 17. c4 dxc4 18. Rac1 O-O-O 19. Qxc4 Rd5 20. Nd6+ Kb8 21. Nxf5 Rxe5 22. Ng3 Rc8 23. Qf4 Bd6 24. Rxc8+ Kxc8 25. Qxf7 Kb8 26. Bf3 Ka7 27. Qxg7 Rc5 28. Qd4 Rc2 29. Qxb6+ Kxb6 30. Nxh5 Rxb2 31. Ng7 Be5 32. Nxe6 Rb4 33. g3 Rxa4 34. Rb1+ Rb4 35. Rxb4+ axb4 36. Bd1 Kc6 37. Bb3 b5 38. f4 Kd6 39. fxe5+ Kxe5 40. h5 1-0


[Site "https://www.chess.com"]

[Event "Titled Tuesday Blitz July 18 Late 2023"]
[White "Philippe, Guillaume"]
[Black "Riehle, Marco"]
[WhiteFideId "36048763"]
[BlackFideId "12904392"]
[WhiteElo "2540"]
[BlackElo "2743"]
[Result "1-0"]
[Round "8"]
[TimeControl "180+2"]
[Date "2023.07.18"]
[WhiteClock "0:01:45"]
[BlackClock "0:02:04"]
[Board "29"]

1. e4 e5 2. Nf3 Nf6 3. d4 Nxe4 4. dxe5 d5 5. Nbd2 Bf5 6. Nxe4 Bxe4 7. Bd3 Nc6 8. O-O Bc5 9. Qe2 Bxd3 10. Qxd3 O-O 11. Ng5 g6 12. Qh3 h5 13. e6 Ne5 14. exf7+ Nxf7 15. Ne6 Qd6 16. Nxf8 Rxf8 17. Be3 c6 18. Bxc5 Qxc5 19. c3 Nd6 20. Qe6+ Kg7 21. b4 Qxc3 22. Qxd6 Rf7 23. Rae1 Kh7 24. Re7 Rxe7 25. Qxe7+ Kg8 26. Qxb7 d4 27. a4 d3 28. Qc8+ Kh7 29. Qd7+ Kh6 30. Rd1 c5 31. Qxd3 Qf6 32. Qe3+ Kh7 33. bxc5 Qf5 34. Re1 a5 35. h3 h4 36. c6 g5 37. c7 g4 38. Qe4 Qg6 1-0


[Site "https://www.chess.com"]

[Event "Titled Tuesday Blitz July 18 Late 2023"]
[White "Nasuta, Grzegorz"]
[Black "Estrada Nieto, Julian"]
[WhiteFideId "1141686"]
[BlackFideId "5101018"]
[WhiteElo "2731"]
[BlackElo "2551"]
[Result "1-0"]
[Round "8"]
[TimeControl "180+2"]
[Date "2023.07.18"]
[WhiteClock "0:00:10"]
[BlackClock "0:00:10"]
[Board "30"]

1. e4 e5 2. Nf3 Nc6 3. Bc4 Bc5 4. O-O Nf6 5. d3 d6 6. c3 a6 7. Bb3 Ba7 8. Nbd2 O-O 9. h3 Be6 10. Bc2 h6 11. Re1 Re8 12. Nf1 d5 13. exd5 Bxd5 14. Ng3 Qd7 15. Nh4 Rad8 16. Nhf5 Ne7 17. Rxe5 Nxf5 18. Rxf5 Be4 19. Rxf6 gxf6 20. Nxe4 Rxe4 21. Bxh6 Qf5 22. d4 Qe6 23. Bxe4 Qxe4 24. Qe1 Qd5 25. Qe2 Kh7 26. Be3 Rg8 27. f3 Re8 28. Qd3+ Kg8 29. Bf2 c5 30. c4 Qg5 31. d5 Bb8 32. Re1 Rxe1+ 33. Bxe1 Qc1 34. Qd2 Qxc4 35. d6 Qd4+ 36. Qxd4 cxd4 37. Bg3 d3 38. d7 Ba7+ 39. Kf1 Bb6 40. Ke1 Kf8 41. Bd6+ Kg7 42. Be7 Ba5+ 43. Kd1 d2 44. d8=Q Bxd8 45. Bxd8 f5 46. Kxd2 f4 47. Bb6 Kg6 48. Bf2 Kf5 49. Kd3 f6 50. Kc4 b5+ 51. Kd5 Kg5 52. Ke4 f5+ 53. Ke5 a5 54. b3 a4 55. bxa4 bxa4 56. a3 1-0


[Site "https://www.chess.com"]

[Event "Titled Tuesday Blitz July 18 Late 2023"]
[White "Wieczorek, Oskar"]
[Black "Van Foreest, Machteld"]
[WhiteFideId "1133950"]
[BlackFideId "1051563"]
[WhiteElo "2718"]
[BlackElo "2519"]
[Result "1-0"]
[Round "8"]
[TimeControl "180+2"]
[Date "2023.07.18"]
[WhiteClock "0:00:11"]
[BlackClock "0:00:03"]
[Board "31"]

1. e4 c5 2. Nf3 e6 3. g3 Nf6 4. e5 Nd5 5. Bg2 Nc6 6. O-O d6 7. exd6 Bxd6 8. d4 O-O 9. c4 Nf6 10. Nc3 h6 11. dxc5 Bxc5 12. Qe2 Qe7 13. Bf4 Rd8 14. Rad1 Bd7 15. a3 a5 16. Nb5 Rac8 17. Nd6 Bxd6 18. Bxd6 Qe8 19. b4 axb4 20. axb4 e5 21. Nxe5 Nxe5 22. Qxe5 Qxe5 23. Bxe5 Rxc4 24. Rd2 Ng4 25. Ba1 Kf8 26. Rfd1 Ke7 27. Bxg7 f6 28. h3 Ne5 29. Bxh6 Rxb4 30. Be3 Rc4 31. Bxb7 Bc6 32. Bxc6 Rxd2 33. Rxd2 Nxc6 34. Kg2 Ne5 35. h4 Kf7 36. Ra2 Kg6 37. Bf4 Nd3 38. Be3 Rb4 39. Rd2 Ne1+ 40. Kf1 Rb1 41. Ke2 Ng2 42. Bd4 Ne1 43. Rd1 Rxd1 44. Kxd1 Nf3 45. Be3 Ne5 46. Ke2 Kf5 47. Bd2 Kg4 48. Bc3 Nd7 49. Bd4 f5 50. Ke3 Nf8 51. Be5 Ng6 52. f3+ Kh3 53. Bd6 f4+ 54. Bxf4 Nxf4 55. Kxf4 1-0


[Site "https://www.chess.com"]

[Event "Titled Tuesday Blitz July 18 Late 2023"]
[White "Vujacic, Igor"]
[Black "Darini, Pouria"]
[WhiteFideId "932620"]
[BlackFideId "12502200"]
[WhiteElo "2349"]
[BlackElo "2716"]
[Result "0-1"]
[Round "8"]
[TimeControl "180+2"]
[Date "2023.07.18"]
[WhiteClock "0:00:01"]
[BlackClock "0:01:25"]
[Board "32"]

1. d4 a6 2. e4 e6 3. Nf3 d5 4. Nc3 Bb4 5. e5 c5 6. a3 Bxc3+ 7. bxc3 Ne7 8. h4 Bd7 9. h5 h6 10. Rh4 Nf5 11. Rg4 Bb5 12. c4 Bxc4 13. Bxc4 dxc4 14. dxc5 Qa5+ 15. Bd2 c3 16. Bf4 Qxc5 17. Qd3 Nc6 18. Qe4 Rd8 19. Kf1 Qd5 20. Qe1 Qc4+ 21. Kg1 Ncd4 22. Nxd4 Rxd4 23. g3 O-O 24. Kh2 Rfd8 25. Kg2 b5 26. Qf1 Qxf1+ 27. Kxf1 Re4 28. Re1 Rxe1+ 29. Kxe1 Rd4 30. Ke2 a5 31. f3 b4 32. axb4 Rxb4 33. Kd3 Nd4 34. Bxh6 Nxf3 35. Rxg7+ Kh8 36. Rxf7 Nxe5+ 37. Kxc3 Nxf7 0-1


[Site "https://www.chess.com"]

[Event "Titled Tuesday Blitz July 18 Late 2023"]
[White "Zelbel, Patrick"]
[Black "Ovchinnikov, Vsevolod"]
[WhiteFideId "24624322"]
[BlackFideId "24176842"]
[WhiteElo "2799"]
[BlackElo "2631"]
[Result "0-1"]
[Round "8"]
[TimeControl "180+2"]
[Date "2023.07.18"]
[WhiteClock "0:00:09"]
[BlackClock "0:00:11"]
[Board "33"]

1. e4 e6 2. d4 d5 3. Nd2 c5 4. exd5 exd5 5. Ngf3 Nc6 6. Bb5 cxd4 7. O-O Bd6 8. Nb3 Ne7 9. Nbxd4 O-O 10. Bd3 Ng6 11. h3 Re8 12. c3 Bd7 13. Bg5 Qb6 14. Qb3 Qxb3 15. axb3 Nxd4 16. Nxd4 Ne5 17. Bb5 a6 18. Bxd7 Nxd7 19. Rad1 h6 20. Be3 Nf6 21. Nf5 Be5 22. f4 Bc7 23. Bd4 Nh5 24. Bxg7 Nxg7 25. Nxh6+ Kf8 26. Rxd5 Rad8 27. Rxd8 Rxd8 28. f5 Rd2 29. f6 Ne8 30. h4 Rd6 31. Ng4 Bd8 32. h5 Nxf6 33. Ne5 Re6 34. Nd3 Nxh5 35. Nc5 Re7 36. g4 Ng7 37. Rf3 Bb6 38. b4 Re5 39. Rd3 Bxc5+ 40. bxc5 Rxc5 41. Rd8+ Ke7 42. Rb8 Rb5 43. Kf2 Ne6 44. Ke3 Rxb2 45. Kd3 Rb5 46. Kc4 Kf6 47. Rg8 Rc5+ 48. Kb4 a5+ 49. Kb3 b5 50. Ra8 a4+ 51. Kb4 Rg5 52. Rb8 Nf4 53. c4 bxc4 54. Kxc4 Rxg4 55. Ra8 Ne6+ 56. Kd5 Rf4 57. Kc6 Rc4+ 58. Kd5 Rd4+ 59. Kc6 Ke5 60. Ra5+ Ke4 61. Ra7 f5 62. Kb5 f4 63. Re7 Ke5 64. Rf7 Re4 65. Ka5 Rd4 66. Re7 f3 67. Rf7 Rf4 68. Rb7 f2 69. Rb5+ Kf6 70. Kb6 f1=Q 71. Ra5 Qf2+ 72. Kb7 Rb4+ 73. Ka8 Qf3+ 74. Ka7 Qb7# 0-1


[Site "https://www.chess.com"]

[Event "Titled Tuesday Blitz July 18 Late 2023"]
[White "Medarde Santiago, Luis Marcos"]
[Black "Morefield, Jason"]
[WhiteFideId "2263076"]
[BlackFideId "30920825"]
[WhiteElo "2622"]
[BlackElo "2751"]
[Result "1-0"]
[Round "8"]
[TimeControl "180+2"]
[Date "2023.07.18"]
[WhiteClock "0:00:22"]
[BlackClock "0:00:04"]
[Board "34"]

1. e4 d6 2. d4 Nf6 3. Nc3 g6 4. f4 Bg7 5. Nf3 c5 6. Bb5+ Bd7 7. e5 Ng4 8. Bxd7+ Qxd7 9. d5 dxe5 10. h3 e4 11. hxg4 exf3 12. Qxf3 Na6 13. Bd2 f5 14. gxf5 Qxf5 15. O-O-O Nb4 16. Ne4 Nxd5 17. Rhe1 O-O-O 18. g4 Qf7 19. Ng5 Qf6 20. c3 Qa6 21. Kb1 Nc7 22. Rxe7 Bf6 23. Rxh7 Bxg5 24. Rxh8 Rxh8 25. fxg5 Rd8 26. Bc1 Rxd1 27. Qxd1 Qe6 28. Qf3 b6 29. Be3 Nd5 30. Bd2 Kc7 31. Kc2 Kd7 32. Qd3 Ke8 33. c4 Ne7 34. Bc3 Qxg4 35. Bf6 Nc6 36. Qxg6+ Kd7 37. Bc3 Qxc4 38. Qh7+ Kc8 39. Qh3+ Kc7 40. Qg3+ Kb7 41. Qg2 Kc7 42. Qg3+ Kc8 43. Qh3+ Kd8 44. Qd3+ Qxd3+ 45. Kxd3 Kd7 46. g6 Ke6 47. Kc4 Ne7 48. g7 Kf7 49. Kb5 Nd5 50. Ka6 Nxc3 51. bxc3 Kxg7 52. a4 Kf6 53. Kxa7 Ke5 54. Kxb6 Kd5 55. a5 c4 56. Kb5 1-0


[Site "https://www.chess.com"]

[Event "Titled Tuesday Blitz July 18 Late 2023"]
[White "Gaitan, Juan Manuel"]
[Black "Matinian, Nikita"]
[WhiteFideId "121657"]
[BlackFideId "24129100"]
[WhiteElo "2622"]
[BlackElo "2734"]
[Result "0-1"]
[Round "8"]
[TimeControl "180+2"]
[Date "2023.07.18"]
[WhiteClock "0:00:04"]
[BlackClock "0:00:16"]
[Board "35"]

1. d4 Nf6 2. c4 g6 3. Nc3 Bg7 4. Nf3 d6 5. e4 O-O 6. Be2 e5 7. O-O Na6 8. Be3 Ng4 9. Bg5 f6 10. Bc1 c6 11. h3 Nh6 12. Be3 Nf7 13. Qc1 Qe7 14. Rd1 Nc7 15. c5 dxc5 16. dxc5 Ne6 17. Bc4 Nxc5 18. Bxf7+ Rxf7 19. Nd5 cxd5 20. Bxc5 Qe8 21. Rxd5 Be6 22. Rd3 Rc8 23. Rc3 Rfc7 24. Bxa7 Rxc3 25. bxc3 Qc6 26. Be3 Qxe4 27. Nd2 Qc6 28. Qa3 f5 29. Nb3 f4 30. Bd2 f3 31. g3 Bxh3 32. Qb4 Bf8 33. Qh4 Bg2 34. Re1 Qd5 35. Qg5 Re8 36. Re3 Qe6 37. Qh4 Be7 38. Qh6 Qf5 39. Re1 Bf8 40. Qh4 Re6 41. g4 Qf7 42. Qg3 Bd6 43. Re4 Qd7 44. Be3 Qb5 45. Nd2 Qe2 46. Qh4 Be7 47. Qh6 Qd1+ 48. Kh2 Qh1+ 49. Kg3 Qxh6 50. Bxh6 g5 51. Nxf3 Bxf3 52. Kxf3 Rxh6 53. Rc4 Kf7 54. Ke4 Rf6 55. Rc7 Rxf2 56. Kxe5 Rxa2 57. Rxb7 Re2+ 58. Kf5 Rf2+ 59. Ke5 Rf4 60. Rc7 Rxg4 61. c4 Rf4 62. c5 h5 63. c6 Rc4 64. Rc8 Rc5+ 65. Ke4 h4 66. Kd4 g4 67. Rc7 Rc1 68. Rc8 h3 69. Ke4 h2 70. Rh8 h1=Q+ 0-1


[Site "https://www.chess.com"]

[Event "Titled Tuesday Blitz July 18 Late 2023"]
[White "Vovk, Orest"]
[Black "Mikhailovsky, Vladimir"]
[WhiteFideId "14113490"]
[BlackFideId "34105414"]
[WhiteElo "2580"]
[BlackElo "2731"]
[Result "1-0"]
[Round "8"]
[TimeControl "180+2"]
[Date "2023.07.18"]
[WhiteClock "0:00:02"]
[BlackClock "0:00:00"]
[Board "36"]

1. g4 d5 2. h3 e5 3. Bg2 c6 4. d4 e4 5. c4 Be6 6. Nc3 Nf6 7. Qb3 Qb6 8. c5 Qxb3 9. axb3 Na6 10. Ra4 Bc8 11. Bf4 b5 12. Ra5 Be7 13. Kd2 Bd8 14. Ra1 Nb4 15. Na2 Nxa2 16. Rxa2 a5 17. e3 h5 18. g5 Nd7 19. Ne2 Nb8 20. Rha1 Na6 21. Rxa5 Bxa5+ 22. Rxa5 Bb7 23. Kc3 Kd8 24. b4 h4 25. Be5 Rg8 26. g6 f6 27. Bd6 Nc7 28. Nf4 Kd7 29. f3 f5 30. fxe4 dxe4 31. Bf1 Rxa5 32. bxa5 Ba6 33. b4 Nd5+ 34. Nxd5 cxd5 35. Bf4 Kc6 36. Be2 Rf8 37. Be5 Rg8 38. Kd2 Bc8 39. Bd6 Bd7 40. Be5 Be8 41. Bh5 Rh8 42. Be2 Bxg6 43. Bxg7 Rg8 44. Be5 Be8 45. Ke1 Rg2 46. Kf1 Rg8 47. a6 Bd7 48. a7 Kb7 49. Bb8 Bc6 50. Bh5 1-0


[Site "https://www.chess.com"]

[Event "Titled Tuesday Blitz July 18 Late 2023"]
[White "Papp, Levente"]
[Black "Jimenez Almeida, Luis David"]
[WhiteFideId "751243"]
[BlackFideId "22242244"]
[WhiteElo "2719"]
[BlackElo "2586"]
[Result "0-1"]
[Round "8"]
[TimeControl "180+2"]
[Date "2023.07.18"]
[WhiteClock "0:00:00"]
[BlackClock "0:00:03"]
[Board "37"]

1. b3 a5 2. a3 e5 3. Bb2 Nc6 4. c4 g6 5. g3 Bg7 6. Bg2 Nge7 7. e3 O-O 8. Ne2 d5 9. cxd5 Nxd5 10. O-O Be6 11. d4 Nb6 12. Bxc6 bxc6 13. dxe5 Qxd1 14. Rxd1 Bxb3 15. Rd3 a4 16. Nd2 Rad8 17. Rxd8 Rxd8 18. Ne4 Nc4 19. Bd4 Nxe5 20. Rc1 Nf3+ 21. Kg2 Nxd4 22. exd4 Bd5 23. f3 Rb8 24. N2c3 Rb2+ 25. Kh3 Be6+ 26. g4 Bxd4 27. Nxa4 Rb3 28. Nac3 Rxa3 29. Kg3 Be5+ 30. f4 Bd4 31. Kh4 Kg7 32. f5 gxf5 33. gxf5 Bxf5 34. Ne2 Bf6+ 35. Nxf6 Kxf6 36. Rxc6+ Be6 37. Ng3 Ra4+ 38. Kh5 Rc4 39. Ra6 Rc5+ 40. Kh6 Rc4 41. Nh5+ Ke7 0-1


[Site "https://www.chess.com"]

[Event "Titled Tuesday Blitz July 18 Late 2023"]
[White "Haydon, David L"]
[Black "Trifan, Andrei Ioan"]
[WhiteFideId "415405"]
[BlackFideId "12967068"]
[WhiteElo "2707"]
[BlackElo "2570"]
[Result "1-0"]
[Round "8"]
[TimeControl "180+2"]
[Date "2023.07.18"]
[WhiteClock "0:01:26"]
[BlackClock "0:00:13"]
[Board "38"]

1. e4 e5 2. Nf3 Nc6 3. Bc4 Bc5 4. c3 Nf6 5. d3 d6 6. h3 h6 7. a4 a6 8. b4 Ba7 9. O-O g5 10. Be3 g4 11. hxg4 Bxg4 12. Nbd2 Rg8 13. Kh1 Nh5 14. Qe1 Qf6 15. Bxa7 Rxa7 16. Qe3 Nf4 17. g3 Ne6 18. Nh2 Bh3 19. Rg1 Ra8 20. f4 Kf8 21. f5 Ng5 22. g4 Rh8 23. Rg3 h5 24. gxh5 Rxh5 25. Rag1 Qh6 26. Rxg5 Bg4 27. R1xg4 Rxh2+ 28. Kg1 Rh1+ 29. Kf2 Ke7 30. Nf3 Rh8 31. f6+ Qxf6 32. Rf5 Qh6 33. Rxf7+ Ke8 34. Qxh6 R1xh6 35. Rxc7 1-0


[Site "https://www.chess.com"]

[Event "Titled Tuesday Blitz July 18 Late 2023"]
[White "Hajiyev, Kanan"]
[Black "Dimitrov, Atanas"]
[WhiteFideId "13404148"]
[BlackFideId "2901315"]
[WhiteElo "2566"]
[BlackElo "2703"]
[Result "1-0"]
[Round "8"]
[TimeControl "180+2"]
[Date "2023.07.18"]
[WhiteClock "0:00:46"]
[BlackClock "0:00:18"]
[Board "39"]

1. d4 Nf6 2. c4 g6 3. Nf3 Bg7 4. g3 O-O 5. Bg2 c6 6. O-O d5 7. cxd5 cxd5 8. Nc3 Nc6 9. Ne5 Qb6 10. Nxc6 bxc6 11. Na4 Qd8 12. b3 Ba6 13. Ba3 Nd7 14. Re1 Re8 15. Rc1 Rc8 16. e3 e5 17. Bb2 Qe7 18. Nc5 Nxc5 19. Rxc5 exd4 20. Bxd4 Bxd4 21. Qxd4 Qd6 22. Rec1 Bb7 23. Ra5 a6 24. h4 h5 25. b4 Rc7 26. Qb6 Ree7 27. Bxd5 Qf6 28. Rac5 Rcd7 29. Bxc6 Rd2 30. Rf1 Rxa2 31. Qd8+ Kg7 32. Bxb7 Rxb7 33. Qd5 1-0


[Site "https://www.chess.com"]

[Event "Titled Tuesday Blitz July 18 Late 2023"]
[White "Besedes, Danilo"]
[Black "Amburgy, Ryan"]
[WhiteFideId "946796"]
[BlackFideId "30924820"]
[WhiteElo "2555"]
[BlackElo "2679"]
[Result "0-1"]
[Round "8"]
[TimeControl "180+2"]
[Date "2023.07.18"]
[WhiteClock "0:00:12"]
[BlackClock "0:01:34"]
[Board "40"]

1. b3 e5 2. Bb2 Nc6 3. e3 Nf6 4. Bb5 Qe7 5. Ne2 a6 6. Bxc6 dxc6 7. Nbc3 Bf5 8. Ng3 Bg6 9. d3 O-O-O 10. Qf3 Qe6 11. O-O-O Bb4 12. h3 h5 13. Nge4 Bxc3 14. Nxc3 h4 15. Qe2 Nd5 16. Nxd5 cxd5 17. f3 f6 18. Rhf1 e4 19. dxe4 dxe4 20. Rxd8+ Rxd8 21. Rd1 Rxd1+ 22. Qxd1 exf3 23. Qxf3 Be4 24. Qf2 Qc6 25. Bd4 b5 26. Kb2 a5 27. c3 Bxg2 28. Qxh4 Qf3 29. Qh8+ Kb7 30. Qe8 Qe2+ 31. Ka3 Bc6 32. Qe7 Qc2 33. Qc5 Qc1# 0-1


[Site "https://www.chess.com"]

[Event "Titled Tuesday Blitz July 18 Late 2023"]
[White "Silva Lucena, Cristian"]
[Black "Bjelobrk, Igor"]
[WhiteFideId "2232588"]
[BlackFideId "4300726"]
[WhiteElo "2422"]
[BlackElo "2660"]
[Result "1/2-1/2"]
[Round "8"]
[TimeControl "180+2"]
[Date "2023.07.18"]
[WhiteClock "0:00:48"]
[BlackClock "0:00:04"]
[Board "41"]

1. e4 e6 2. d4 d5 3. e5 c5 4. c3 Nc6 5. Nf3 Qb6 6. a3 c4 7. Nbd2 Na5 8. Be2 Bd7 9. Rb1 Ne7 10. b4 cxb3 11. Nxb3 Ba4 12. Nxa5 Qxa5 13. Qd3 b5 14. Rxb5 Bxb5 15. Qxb5+ Qxb5 16. Bxb5+ Kd8 17. Ng5 Kc7 18. Nxf7 Rg8 19. Ng5 Nc6 20. Nxe6+ Kb6 21. Bd3 g6 22. Nxf8 Rgxf8 23. O-O Rac8 24. f4 Na5 25. Bd2 Nc4 26. Rb1+ Ka6 27. g3 Ka5 28. Be1 Rb8 29. Rb4 Nxa3 30. Rxb8 Rxb8 31. c4+ Ka4 32. cxd5 Rb3 33. Be4 Re3 34. d6 Rxe1+ 35. Kf2 Rxe4 36. d7 Rxd4 37. e6 Nb5 38. e7 Rxd7 39. e8=Q Rc7 40. Qe4+ Kb3 41. g4 a5 42. Qd3+ Kb4 43. f5 gxf5 44. gxf5 a4 45. Qe4+ Kb3 46. f6 a3 47. Qe6+ Kb4 48. f7 Rxf7+ 49. Qxf7 Nc3 50. Qb7+ Kc4 51. Qxh7 a2 52. Qa7 Kb3 53. Qb6+ Kc2 54. Qa5 Kb2 55. Qb4+ Kc2 56. Qa3 Nd1+ 57. Kg3 Kb1 58. Qd3+ Kc1 59. Qc4+ Kb1 60. Qb3+ Nb2 61. Qxa2+ Kxa2 62. h4 Nc4 63. h5 Nd6 64. h6 Nf7 65. Kf4 Nxh6 1/2-1/2


[Site "https://www.chess.com"]

[Event "Titled Tuesday Blitz July 18 Late 2023"]
[White "Willy, Stephen"]
[Black "Schnaider, Ilan"]
[WhiteFideId "30981468"]
[BlackFideId "169013"]
[WhiteElo "2421"]
[BlackElo "2654"]
[Result "1-0"]
[Round "8"]
[TimeControl "180+2"]
[Date "2023.07.18"]
[WhiteClock "0:00:07"]
[BlackClock "0:00:02"]
[Board "42"]

1. e4 c5 2. Nf3 d6 3. b4 cxb4 4. a3 bxa3 5. d4 g6 6. Nxa3 Bg7 7. Bc4 Nf6 8. O-O Nxe4 9. Re1 d5 10. Bd3 Bf5 11. Nh4 e6 12. Nxf5 gxf5 13. c4 Bxd4 14. Bxe4 dxe4 15. Nb5 Bc5 16. Bf4 Na6 17. Qh5 Qb6 18. Red1 Rd8 19. Be5 Rf8 20. Bf6 Rd7 21. Qh6 Bxf2+ 22. Kh1 Bc5 23. Qf4 e5 24. Qxe5+ Qe6 25. Rxd7 Qxe5 26. Rd8# 1-0


[Site "https://www.chess.com"]

[Event "Titled Tuesday Blitz July 18 Late 2023"]
[White "Mendez Fortes, Eduardo Jesus"]
[Black "Djordjevic, Dejan N"]
[WhiteFideId "3502376"]
[BlackFideId "913316"]
[WhiteElo "2641"]
[BlackElo "2121"]
[Result "1-0"]
[Round "8"]
[TimeControl "180+2"]
[Date "2023.07.18"]
[WhiteClock "0:00:14"]
[BlackClock "0:00:00"]
[Board "43"]

1. e4 c5 2. Nf3 Nc6 3. d4 cxd4 4. Nxd4 Nf6 5. Nc3 Qb6 6. Nb3 e6 7. Qe2 a6 8. f4 d6 9. Be3 Qc7 10. O-O-O b5 11. Qf3 Rb8 12. Kb1 Be7 13. g4 b4 14. Ne2 e5 15. f5 a5 16. Ng3 a4 17. Nd2 Na5 18. g5 Nd7 19. Nh5 Bf8 20. f6 g6 21. Ng7+ Bxg7 22. fxg7 Rg8 23. h4 Rxg7 24. h5 gxh5 25. Bd3 Nf8 26. Rxh5 Be6 27. Qe2 Qc6 28. b3 a3 29. Nc4 Nxc4 30. Bxc4 Bxc4 31. bxc4 Ne6 32. Rh6 Ke7 33. Rd5 Rc8 34. c5 dxc5 35. Bxc5+ Ke8 36. Rxe5 Qc7 37. Rexe6+ fxe6 38. Rxe6+ Kf7 39. Re7+ Qxe7 40. Bxe7 Kxe7 41. Qb5 Rcg8 42. Qxb4+ Ke6 43. Qxa3 Rxg5 44. Qh3+ Ke5 45. Qxh7 Rb8+ 46. Kc1 Rg1+ 47. Kd2 Rd8+ 48. Ke3 Rg3+ 49. Kf2 Rdg8 50. Qf5+ Kd4 51. Qd5+ Kc3 52. Qe5+ Kxc2 53. Qxg3 1-0


[Site "https://www.chess.com"]